 Dungeon Crawl Stone Soup version 0.20.1-1-g8b1a95d (webtiles) character file.

17848 KleinerIrrer the Grappler (level 12, -2/107 HPs)
             Began as a Troll Fighter on July 5, 2017.
             Was a High Priest of Okawaru.
             Slain by a frost giant
             ... wielding a +1 battleaxe of freezing
              (8 damage)
             ... in an ice cave.
             The game lasted 00:25:10 (8091 turns).

KleinerIrrer the Grappler (Troll Fighter)           Turns: 8091, Time: 00:25:11

Health: -2/107     AC: 12    Str: 35    XL:     12   Next: 22%
Magic:  0/11       EV: 14    Int:  5    God:    Okawaru [*****.]
Gold:   651        SH: 12    Dex: 12    Spells: 11/11 levels left

rFire    . . .     SeeInvis +     - Unarmed
rCold    . . .     Gourm    +   b - +0 shield
rNeg     . . .     Faith    .   r - +0 swamp dragon scales
rPois    +         Spirit   +   (helmet restricted)
rElec    .         Reflect  .   X - scarf of Indemnity {Str+3}
rCorr    .         Harm     .   (gloves unavailable)
MR       .....                  (boots unavailable)
Stlth    +.........             k - amulet of guardian spirit
Regen    0.7/turn               j - ring of see invisible
MPRegen  0.2/turn               n - +3 ring of evasion

@: mighty
A: unfitting armour, claws 3, fast metabolism 3, gourmand, regeneration 1,
shaggy fur 1, tough skin 2
a: Heroism, Finesse, Renounce Religion


You were in an ice cave.
You worshipped Okawaru.
Okawaru was extremely pleased with you.
You were completely stuffed.

You visited 1 branch of the dungeon, and saw 11 of its levels.
You also visited: Ice Cave.

You collected 651 gold pieces.

Inventory:

Hand Weapons
 y - a +0 blowgun
 D - the +8 flail of the Wheel {crush, +Fly rN+ MR- Dex+6}
   (You found it on level 9 of the Dungeon)

   It inflicts extra damage upon your enemies.
   It affects your dexterity (+6).
   It protects you from negative energy.
   It affects your resistance to hostile enchantments.
   It lets you fly.
 K - the +9 dagger of Faih {protect, rPois Str+2 Stlth+}
   (You found it on level 6 of the Dungeon)

   It protects the one who uses it against injury (+AC on strike).
   It affects your strength (+2).
   It protects you from poison.
   It makes you more stealthy.
 P - a +2 hunting sling of flaming
Missiles
 m - 33 poisoned needles
 o - 2 throwing nets (quivered)
 t - 5 javelins
 G - 5 needles of sleeping
 L - 5 needles of confusion
 Z - 4 curare-tipped needles
Armour
 b - a +0 shield (worn)
 r - +0 swamp dragon scales (worn)
 X - the scarf of Indemnity (worn) {Str+3}
   (Okawaru gifted it to you on level 10 of the Dungeon)

   It affects your strength (+3).
Jewellery
 j - a ring of see invisible (left claw)
 k - an amulet of guardian spirit (around neck)
 n - a +3 ring of evasion (right claw)
 F - an uncursed ring of resist corrosion
 J - an uncursed ring of flight
 N - an uncursed ring of fire
Wands
 i - a wand of flame (14/48)
 x - a wand of lightning (6/15)
 B - a wand of enslavement (13/24)
 S - a wand of acid (2/15)
 T - a wand of scattershot (4/9)
 Y - a wand of flame (17/48)
Scrolls
 e - 4 scrolls of remove curse
 g - a scroll of random uselessness {unknown}
 p - 2 scrolls of magic mapping
 q - 6 scrolls of teleportation
 s - 2 scrolls of enchant weapon {unknown}
 u - a scroll of amnesia {unknown}
 w - a scroll of fear {unknown}
 C - a scroll of fog
 I - a scroll of blinking
 M - 2 scrolls of immolation {unknown}
 Q - a scroll of vulnerability {unknown}
 V - a scroll of recharging {unknown}
Potions
 c - 3 potions of might
 f - 2 potions of brilliance
 h - 4 potions of curing
 l - a potion of cancellation
 z - 2 potions of berserk rage
 A - a potion of ambrosia
 H - 3 potions of flight
 U - a potion of agility {unknown}
 W - a potion of mutation
Miscellaneous
 O - a lightning rod (4/4)
Comestibles
 a - 7 chunks of flesh
 d - 9 bread rations
 v - 6 meat rations
 E - 12 royal jellies
 R - 4 fruits


   Skills:
 + Level 3.8 Fighting
 - Level 2.0 Maces & Flails
 * Level 5.9 Throwing
 * Level 7.4 Armour
 + Level 5.8 Dodging
 + Level 7.8 Shields
 + Level 12.3 Unarmed Combat


You had 11 spell levels left.
You didn't know any spells.

Dungeon Overview and Level Annotations

Branches:
Dungeon (11/15)            Temple (0/1) D:7            Lair (0/6) D:10
    Orc (0/2) D:10

Altars:
Ashenzari
Kikubaaqudgha
Okawaru
Ru

Shops:
D:6 [   D:11 [


Innate Abilities, Weirdness & Mutations

You are too large for most types of armour.
You have claws for hands.
Your metabolism is lightning-fast.
You like to eat raw meat.
Your natural rate of healing is unusually fast.
You are covered in fur. (AC +1)
You have very tough skin. (AC +2)


Message History

You mangle the frost giant!!
The frost giant is moderately wounded.
You claw the frost giant!
The frost giant is moderately wounded.
The frost giant hits you with a battleaxe of freezing!!
The frost giant freezes you.
You are too injured to fight recklessly!
You are too injured to fight recklessly!
You are too injured to fight recklessly!
You are too injured to fight recklessly!
You are too injured to fight recklessly!
You feel very mighty all of a sudden.
You fail to use your ability.
The frost giant casts a spell at you. The bolt of cold hits you!
* * * LOW HITPOINT WARNING * * *
You claw the frost giant!
The frost giant is moderately wounded.
The frost giant hits you with a battleaxe of freezing!
You die... #..## .... #... hhY ##Yh #Yh

#C#
#@##
##.#
##.#
#..#
#.##
#.##
##.###
#.#.##
#....#


You could see a frost giant, 4 polar bears and 3 yaks.

Vanquished Creatures
  A two-headed ogre (D:10)
  A death yak (IceCv)
  The ghost of zebratul the Blocker, a novice GrFi of Gozag (D:9)
  Pikel (D:7)
  A manticore (D:10)
  Psyche (D:8)
  5 gargoyles (D:8)
  3 rime drakes
  A kobold demonologist (D:9)
  The ghost of Timinator the Geomancer, a novice GrEE (D:3)
  8 polar bears (IceCv)
  2 hornets (D:8)
  2 hippogriffs
  Prince Ribbit (D:7)
  A wyvern (D:10)
  A shadow (D:10)
  17 yaks
  2 wargs (D:10)
  Edmund (D:6)
  Menkaure (D:7)
  2 water moccasins
  8 orc warriors
  4 ice beasts
  A black bear (D:7)
  4 sky beasts
  A necrophage (D:6)
  3 slaves (D:7)
  2 ogres
  A phantom (D:9)
  12 wolves (IceCv)
  4 centaurs
  9 big kobolds (D:9)
  2 bullfrogs
  A water moccasin zombie (D:5)
  A wyvern skeleton (D:7)
  5 scorpions
  6 killer bees (D:9)
  3 crimson imps
  A bullfrog zombie (D:7)
  A quasit (D:7)
  Crazy Yiuf (D:7)
  A centaur zombie (D:10)
  5 hounds
  9 orc priests
  8 orc wizards
  6 jellies
  A centaur skeleton (D:5)
  An iguana (D:6)
  3 worker ants
  2 hound zombies
  2 hound skeletons (D:6)
  2 worker ant zombies
  Robin (D:4)
  A howler monkey zombie (D:5)
  3 gnolls (D:9)
  12 adders
  2 shadow imps
  7 oozes
  2 adder skeletons
  A worm (D:3)
  2 dart slugs
  6 leopard geckos
  54 orcs
  6 bats
  5 giant cockroaches
  10 goblins
  7 hobgoblins
  7 jackals
  6 quokkas
  A ball python (D:4)
  6 frilled lizards
  26 kobolds
  A quokka zombie (D:6)
  7 rats
337 creatures vanquished.

Vanquished Creatures (others)
  A polar bear (IceCv)
  A centaur (D:7)
  A bullfrog (D:7)
3 creatures vanquished.

Grand Total: 340 creatures vanquished

Notes
Turn   | Place    | Note
-------+----------+-------------------------------------------
     0 | D:1      | KleinerIrrer the Troll Fighter began the quest for the Orb.
     0 | D:1      | Reached XP level 1. HP: 22/22 MP: 0/0
   161 | D:1      | Reached XP level 2. HP: 29/29 MP: 1/1
   725 | D:2      | Reached XP level 3. HP: 25/36 MP: 0/2
  1030 | D:2      | Reached skill level 3 in Unarmed Combat
  1030 | D:2      | Reached XP level 4. HP: 43/44 MP: 1/3
  1428 | D:3      | Noticed Timinator's ghost (novice GrEE)
  1454 | D:3      | Killed Timinator's ghost
  1454 | D:3      | Reached skill level 1 in Armour
  1454 | D:3      | Reached skill level 4 in Unarmed Combat
  1454 | D:3      | Reached XP level 5. HP: 44/52 MP: 4/4
  1454 | D:3      | Reached XP level 6. HP: 50/59 MP: 5/5
  2275 | D:4      | Noticed Robin
  2282 | D:4      | Reached skill level 5 in Unarmed Combat
  2285 | D:4      | Killed Robin
  2346 | D:4      | Reached XP level 7. HP: 65/66 MP: 6/6
  2521 | D:5      | Entered Level 5 of the Dungeon
  3084 | D:6      | Reached skill level 6 in Unarmed Combat
  3114 | D:6      | Reached XP level 8. HP: 74/74 MP: 7/7
  3123 | D:6      | Noticed Edmund
  3127 | D:6      | Found an iron altar of Okawaru.
  3136 | D:6      | Killed Edmund
  3169 | D:6      | Became a worshipper of Warmaster Okawaru
  3326 | D:6      | Reached skill level 7 in Unarmed Combat
  3392 | D:6      | Reached * piety under Okawaru
  3426 | D:6      | Got a translucent dagger
  3427 | D:6      | Identified the +9 dagger of Faih {protect, rPois Str+2 Stlth+} (You found it on level 6 of the Dungeon)
  3592 | D:6      | Found Gilomn's Antique Armour Emporium.
  3628 | D:7      | Noticed Menkaure
  3629 | D:7      | Noticed Pikel
  3631 | D:7      | Killed Menkaure
  3631 | D:7      | Reached skill level 5 in Shields
  3715 | D:7      | Killed Pikel
  3715 | D:7      | Reached ** piety under Okawaru
  3715 | D:7      | Reached skill level 8 in Unarmed Combat
  3715 | D:7      | Reached XP level 9. HP: 73/80 MP: 6/8
  3773 | D:7      | Noticed Prince Ribbit
  3781 | D:7      | Killed Prince Ribbit
  3806 | D:7      | Found a staircase to the Ecumenical Temple.
  3825 | D:7      | Reached skill level 9 in Unarmed Combat
  3831 | D:7      | Reached skill level 5 in Armour
  4385 | D:7      | Found an iron altar of Okawaru.
  4388 | D:7      | Found a sacrificial altar of Ru.
  4391 | D:7      | Found an ancient bone altar of Kikubaaqudgha.
  4555 | D:7      | Found a runed door.
  4559 | D:7      | Noticed Crazy Yiuf
  4564 | D:7      | Killed Crazy Yiuf
  4668 | D:8      | Noticed Psyche
  4683 | D:8      | Killed Psyche
  4683 | D:8      | Reached *** piety under Okawaru
  4683 | D:8      | Reached XP level 10. HP: 91/91 MP: 7/9
  4759 | D:8      | Reached skill level 1 in Throwing
  4918 | D:8      | Reached skill level 10 in Unarmed Combat
  5044 | D:8      | Reached **** piety under Okawaru
  5278 | D:8      | Noticed a gargoyle
  5278 | D:8      | Noticed a gargoyle
  5287 | D:8      | Killed a gargoyle
  5296 | D:8      | Killed a gargoyle
  5296 | D:8      | Reached skill level 5 in Dodging
  5308 | D:8      | Noticed a gargoyle
  5319 | D:8      | Killed a gargoyle
  5327 | D:8      | Noticed a gargoyle
  5328 | D:8      | Noticed a gargoyle
  5333 | D:8      | Killed a gargoyle
  5339 | D:8      | Killed a gargoyle
  5482 | D:9      | Reached ***** piety under Okawaru
  5504 | D:9      | Reached skill level 11 in Unarmed Combat
  5709 | D:9      | Received a gift from Okawaru
  5709 | D:9      | Reached XP level 11. HP: 88/97 MP: 7/10
  5929 | D:9      | Got an iridescent flail
  5930 | D:9      | Identified the +8 flail of the Wheel {crush, +Fly rN+ MR- Dex+6} (You found it on level 9 of the Dungeon)
  6131 | D:9      | Noticed zebratul's ghost (novice GrFi)
  6147 | D:9      | Killed zebratul's ghost
  6147 | D:9      | Received a gift from Okawaru
  6155 | D:9      | Found a shattered altar of Ashenzari.
  6351 | D:10     | Entered Level 10 of the Dungeon
  6396 | D:10     | Reached skill level 1 in Maces & Flails
  6401 | D:10     | Noticed a two-headed ogre
  6406 | D:10     | Killed a two-headed ogre
  6440 | D:10     | Received a gift from Okawaru
  6443 | D:10     | Got a transparent scarf {god gift}
  6457 | D:10     | Identified the scarf of Indemnity {Str+3} (Okawaru gifted it to you on level 10 of the Dungeon)
  6508 | D:10     | Found a staircase to the Orcish Mines.
  6815 | D:10     | Found a staircase to the Lair.
  7329 | D:11     | Found Mikhap's Antique Armour Shoppe.
  7351 | D:11     | Found a frozen archway.
  7380 | IceCv    | Entered an ice cave
  7753 | IceCv    | Reached skill level 12 in Unarmed Combat
  7766 | IceCv    | Reached skill level 5 in Throwing
  7767 | IceCv    | Noticed a death yak
  7775 | IceCv    | Killed a death yak
  7824 | IceCv    | Reached XP level 12. HP: 107/107 MP: 11/11
  8069 | IceCv    | Noticed a frost giant
  8075 | IceCv    | Received a gift from Okawaru
  8090 | IceCv    | HP: 5/107 [frost giant/bolt of cold (32)]
  8091 | IceCv    | Slain by a frost giant

Skill      XL: |  1  2  3  4  5  6  7  8  9 10 11 |
---------------+----------------------------------+-----
Shields        | 3 4 5 6 7 |  7.8
Unarmed Combat | 3 4 5 6 8 9 11 12 | 12.3
Armour         | 1 2 4 5 6 7 |  7.4
Dodging        | 3 4 5 |  5.8
Fighting       | 3 |  3.8
Throwing       | 3 5 |  5.9
Maces & Flails | 2 |  2.0

Action                   |  1- 3 |  4- 6 |  7- 9 | 10-12 || total
-------------------------+-------+-------+-------+-------++-------
Melee: Unarmed           |    99 |   169 |   310 |   576 ||  1154
       Flail             |       |       |       |    12 ||    12
Invok: Heroism           |       |       |     1 |     3 ||     4
  Use: Scroll            |       |     4 |     3 |     9 ||    16
       Potion            |       |       |       |     6 ||     6
 Stab: Sleeping          |     1 |       |       |       ||     1
  Eat: Chunk             |    15 |    13 |    20 |    33 ||    81
Armor: Robe              |    30 |     6 |       |       ||    36
       Swamp dragon scal |       |    48 |    89 |   149 ||   286
Dodge: Dodged            |    44 |    34 |   105 |   251 ||   434
Block: Shield            |    37 |    67 |   134 |   319 ||   557
